[Event "Early-Titled-Tuesday-Blitz-April-02-2024"]
[Site "Chess.com"]
[Date "2024.04.02"]
[Round "4"]
[White "lamomiajunior"]
[Black "Caracal3000"]
[Result "0-1"]
[WhiteElo "2691"]
[BlackElo "2544"]
[TimeControl "180+1"]
[EndTime "8:39:54 PDT"]
[Termination "Caracal3000 won by resignation"]

1. d4 d5 2. c4 e6 3. Nc3 c6 4. Nf3 dxc4 5. e3 b5 6. a4 Bb4 7. Bd2 a5 8. axb5 Bxc3 9. Bxc3 cxb5 10. b3 Bb7 11. bxc4 b4 12. Bb2 Nf6 13. Bd3 O-O 14.
O-O Nbd7 15. Nd2 Nc5 16. Bc2 Nce4 17. f3 Nxd2 18. Qxd2 Qc7 19. Bd3 Rfb8 20. e4 a4 21. d5 exd5 22. Bxf6 Qb6+ 23. Kh1 Qxf6 24. cxd5 Qd4 25.
Qe2 a3 26. Rfb1 b3 27. Qd1 b2 28. Ra2 Qc3 29. Qe2 Qc1+ 30. Qf1 Qxf1+ 31. Bxf1 Ba6 32.
Rxa3 Bxf1 33. Rxa8 Rxa8 34. Rxb2 g6 35. Kg1 Bc4 36.
Kf2 Ra2 37. Rxa2 Bxa2 38. Ke3 Kg7 39. Kd4 Kf6 40. f4 Ke7 41. g4 f6 42. h4 Bb3 43. g5 fxg5 44. hxg5 Kf7 45. Kc5 Bc2 46. Kd4 Ke7 47. e5 Kd7 48. Kc5 Be4 49. Kd4 Bf3 50.
Kc5 Ke7 51. Kc6 Be4 52. Kc5 Bh1 53. e6 Bf3 54. Kc6 Be4 55. Kc5 Bf3 56. Kc6 Bg2 57.
Kc5 Bh3 58. Kd4 Kd6 59. e7 Kxe7 60. Ke5 Bf5 61. d6+ Kd7 62. Kd5 Be6+ 63. Ke5 Bb3 64.
Kf6 Kxd6 65. f5 gxf5 66. Kxf5 Bc2+ 67. Kf6 Bg6 68. Kg7 Kd5 69. Kh6 Ke5 70. Kg7 Kf5 71. Kh6 Kg4 0-1

[Event "Early-Titled-Tuesday-Blitz-April-02-2024"]
[Site "Chess.com"]
[Date "2024.04.02"]
[Round "4"]
[White "rionelG"]
[Black "UK_23"]
[Result "0-1"]
[WhiteElo "2188"]
[BlackElo "2391"]
[TimeControl "180+1"]
[EndTime "8:39:54 PDT"]
[Termination "UK_23 won on time"]

1. e4 e5 2. Nf3 Nc6 3. Bb5 a6 4. Ba4 Nf6 5. O-O Be7 6. Re1 d6 7. c3 b5 8. Bc2 O-O 9. h3 Nb8 10. a4 Bb7 11. d4 Nbd7 12. Nbd2 c5 13. d5 c4 14. Nf1 Nc5 15. axb5 axb5 16. Rxa8 Qxa8 17.
Ng3 Re8 18. Nf5 Bf8 19. Nh2 Bc8 20. Qf3 Bxf5 21. Qxf5 Qc8 22. Qf3 Qd7 23. Be3 Rc8 24.
Ra1 Qb7 25. Ng4 Nxg4 26. hxg4 Be7 27. g3 Bd8 28. Kg2 Bb6 29. Rh1 f6 30. g5 fxg5 31. Qf5 g6 32. Qxg5 Qf7 33. Qg4 Rf8 34. Qe2 Ra8 35.
Qg4 Nd7 36. Bg5 Qxf2+ 37. Kh3 Qf7 38. Bd1 Nf6 39. Qh4 Nh5 40. Bxh5 gxh5 41. Bh6 Qg6 42.
Qg5 Qxg5 43. Bxg5 Rf8 44. Be7 Rf2 45. Bxd6 Rxb2 46. Bxe5 Rc2 47. Bf4 Rxc3 48. e5 Rd3 49.
d6 Kf7 50. Rb1 Rb3 51. Rxb3 cxb3 52. Bc1 Ke6 53. Bb2 Bd8 54. g4 h4 55. Ba1 Bg5 56. Bb2 Bf4 57. Kxh4 b4 58. Kh5 Bd2 59. Bd4 Bc3 0-1

[Event "Early-Titled-Tuesday-Blitz-April-02-2024"]
[Site "Chess.com"]
[Date "2024.04.02"]
[Round "4"]
[White "tusplingher"]
[Black "levallem"]
[Result "0-1"]
[WhiteElo "2513"]
[BlackElo "2345"]
[TimeControl "180+1"]
[EndTime "8:39:56 PDT"]
[Termination "levallem won by checkmate"]

1. e4 c5 2. Nf3 g6 3. d4 cxd4 4. Nxd4 Nc6 5. c4 Nf6 6. Nc3 d6 7. Be2 Nxd4 8. Qxd4 Bg7 9. O-O O-O 10. Qd3 Be6 11.
Be3 Nd7 12. f3 Ne5 13. Qc2 Nxc4 14. Bf2 Qa5 15. Rac1 Rfc8 16. Bxc4 Rxc4 17. Qd3 Rac8 18. Be1 Qb6+ 19. Kh1 Qxb2 20. Rb1 Rxc3 21. Bxc3 Qxc3 22.
Qxc3 Rxc3 23. Rxb7 Ra3 24. Rxe7 Rxa2 25. Rb1 Be5 26. h3 a5 27. Rf1 Ra1 28. Rxa1 Bxa1 29. Ra7 Bc3 30. Ra8+ Kg7 31. Kg1 Bb3 32. Kf1 a4 33.
Ke2 Bb2 34. Rb8 a3 35. Rxb3 a2 36. Rxb2 a1=Q 37. Rd2 Qg1 38. Kd3 Qf1+ 39. Ke3 h5 40. Rf2 Qc1+ 41. Rd2 h4 42. Ke2 Qc4+ 43. Ke3 Qc5+ 44.
Ke2 g5 45. Rd5 Qc2+ 46. Rd2 Qc4+ 47. Ke3 Qc3+ 48. Ke2 Qe5 49. Ke3 Kf6 50. Rd5 Qxd5 51.
exd5 Ke5 52. f4+ gxf4+ 53. Kf3 Kf5 54. Kf2 Ke4 55. Ke2 Kxd5 56. Kf3 Ke5 57. Kg4 d5 58. Kxh4 d4 59. Kg4 Ke4 60. h4 d3 61. h5 d2 62. h6 d1=Q+ 63. Kg5 Qh1 64. g4 fxg3 65. Kf6 g2 66. Ke7 Qxh6 67. Ke8 g1=Q 68. Kxf7 Qgg6+ 69. Ke7 Qhh7+ 70. Kd8 Qgg8# 0-1

[Event "Early-Titled-Tuesday-Blitz-April-02-2024"]
[Site "Chess.com"]
[Date "2024.04.02"]
[Round "4"]
[White "RobertoJBM"]
[Black "chess123456s"]
[Result "1-0"]
[WhiteElo "2804"]
[BlackElo "2592"]
[TimeControl "180+1"]
[EndTime "8:40:01 PDT"]
[Termination "RobertoJBM won by resignation"]

1. e4 e5 2. Nf3 Nc6 3. Bb5 a6 4. Ba4 Bc5 5. c3 Nge7 6. d4 exd4 7. cxd4 Bb4+ 8. Bd2 Bxd2+ 9. Qxd2 d5 10. exd5 Qxd5 11. Nc3 Qe6+ 12. Qe3 O-O 13. O-O Qd6 14. Rad1 Bg4 15.
d5 Bxf3 16. Qxf3 Ne5 17. Qg3 Nc4 18. Rfe1 Ng6 19. Bb3 Qxg3 20. hxg3 Nd6 21. Re2 Rfe8 22. Rc2 Re7 23. Kf1 Rae8 24. Ne2 Ne5 25. Nd4 Ng4 26. Nf3 Ne4 27. Rd4 Nh2+ 28. Kg1 Nxf3+ 29. gxf3 Nd6 30. Kg2 Re2 31. Rdd2 Rxd2 32. Rxd2 f6 33. Kf1 Kf7 34. f4 f5 35. Bc2 Kf6 36. Bd3 h6 37.
Rc2 Re7 38. Kg2 g5 39. fxg5+ hxg5 40. Kf3 Ke5 41. Re2+ Kf6 42. Rxe7 Kxe7 43. Ke3 Kf6 44. f4 g4 45. Kd4 Ne8 46. a4 Ng7 47. Ke3 Ke7 48. b4 Kd6 49. Bc4 Nh5 50. Kf2 Nf6 51. Bd3 Ne4+ 52. Bxe4 fxe4 53. Ke3 Kxd5 54. f5 Ke5 55. f6 Kxf6 56. Kxe4 b6 57. Kd5 Kf5 58. Kc6 Ke4 59. Kxc7 Kf3 60. Kxb6 Kxg3 61. Kxa6 Kh2 62.
b5 g3 63. b6 g2 64. b7 g1=Q 65. b8=Q+ Kh3 66. Qh8+ Kg2 67. Qg7+ Kh1 68. Qxg1+ Kxg1 1-0

[Event "Early-Titled-Tuesday-Blitz-April-02-2024"]
[Site "Chess.com"]
[Date "2024.04.02"]
[Round "4"]
[White "EvgenyBurmakin"]
[Black "chess_blitz00"]
[Result "1-0"]
[WhiteElo "2367"]
[BlackElo "2531"]
[TimeControl "180+1"]
[EndTime "8:40:01 PDT"]
[Termination "EvgenyBurmakin won on time"]

1. e4 d6 2. Nc3 Nf6 3. d4 e5 4.
Be3 Nbd7 5. f3 Be7 6. Qd2 O-O 7. O-O-O c6 8. h4 Qa5 9. Kb1 b5 10. Nd5 Qd8 11. Nxe7+ Qxe7 12. h5 h6 13. g4 Nh7 14.
Ne2 Nb6 15. Ng3 Nc4 16. Bxc4 bxc4 17. Nf5 Bxf5 18. gxf5 Rab8 19. Rhg1 Kh8 20. dxe5 dxe5 21. Qd6 Qb7 22. Qxe5 f6 23. Qc3 Rfe8 24. Rd2 Qe7 25.
Rgd1 Qf7 26. Rd7 Qxh5 27. Bxa7 Ra8 28. a3 Ng5 29. Bd4 Rf8 30. e5 Qxf3 31. Qxf3 Nxf3 32. exf6 gxf6 33. Bc3 Ne5 34. Re7 Rae8 35. Rc7 Rc8 36. Ra7 Ra8 37. Rxa8 Rxa8 38. Rd6 Kg7 39. Bxe5 fxe5 40.
Rg6+ Kh7 41. Rxc6 h5 42. Rxc4 Kh6 43. Re4 Re8 44. a4 Kg5 45. a5 Kxf5 46. Re1 Rb8 47. c3 e4 48. b4 Kf4 49. Kc2 Kf3 50. Rh1 1-0

[Event "Early-Titled-Tuesday-Blitz-April-02-2024"]
[Site "Chess.com"]
[Date "2024.04.02"]
[Round "4"]
[White "norwaytoadog"]
[Black "JiiHart"]
[Result "1-0"]
[WhiteElo "2368"]
[BlackElo "2166"]
[TimeControl "180+1"]
[EndTime "8:40:05 PDT"]
[Termination "norwaytoadog won by checkmate"]

1. e4 c5 2. Nf3 Nc6 3. Bb5 e6 4. Bxc6 bxc6 5. d3 Ne7 6. e5 Ng6 7. h4 Qc7 8. Qe2 d6 9. exd6 Bxd6 10. Na3 Nf4 11. Bxf4 Bxf4 12. g3 Bd6 13. Nc4 Be7 14. h5 Ba6 15. Nce5 f6 16. Ng4 e5 17. h6 g6 18. b3 O-O 19. Ne3 Bc8 20. g4 Be6 21.
Nc4 Bxc4 22. bxc4 Qa5+ 23. Qd2 Qxd2+ 24. Nxd2 Rab8 25. Nb3 f5 26. gxf5 Rxf5 27. Nd2 Rb2 28. Ne4 Rxc2 29. Kd1 Rb2 30. Kc1 Rb8 31. Kc2 Kf7 32.
Rab1 Rxb1 33. Rxb1 Bg5 34. Rb7+ Ke6 35. Nxc5+ Kd6 36. Ne4+ Ke6 37. Rxh7 Bf4 38. Nc5+ Kf6 39. Ne4+ Ke6 40. Rh8 Rh5 41. h7 Kf7 42. Ra8 Kg7 43.
Rxa7+ Kh8 44. Nf6 Rh2 45. Ra8+ Kg7 46. Rg8+ Kxf6 47. h8=Q+ Rxh8 48. Rxh8 g5 49. Rh6+ Kf5 50. Rxc6 g4 51. a4 e4 52. dxe4+ Kxe4 53. a5 Kf3 54. Rf6 g3 55. fxg3 Kxg3 56. Rxf4 Kxf4 57. a6 Ke5 58. a7 Kd4 59. a8=Q Kxc4 60. Qc6+ Kd4 61. Qd6+ Ke4 62.
Qc5 Kf3 63. Qd4 Ke2 64. Qf4 Ke1 65. Kd3 Kd1 66. Qf1# 1-0

[Event "Early-Titled-Tuesday-Blitz-April-02-2024"]
[Site "Chess.com"]
[Date "2024.04.02"]
[Round "4"]
[White "Itay121"]
[Black "David_George21"]
[Result "1/2-1/2"]
[WhiteElo "2530"]
[BlackElo "2355"]
[TimeControl "180+1"]
[EndTime "8:40:07 PDT"]
[Termination "Game drawn - insufficient material"]

1. e4 c5 2. Nf3 d6 3. Bb5+ Nd7 4.
a4 a6 5. Bc4 Ngf6 6. d3 g6 7. O-O Bg7 8. c3 O-O 9. Re1 Rb8 10. a5 e6 11. Nbd2 d5 12. Bb3 b5 13.
axb6 Nxb6 14. e5 Nfd7 15. d4 f6 16. exf6 Bxf6 17. Nf1 Re8 18. Bf4 Ra8 19. Ng3 cxd4 20.
Nxd4 Nc5 21. Ba2 e5 22. b4 Nca4 23. Nc6 Qd6 24. Ne4 Qxc6 25. Bxd5+ Nxd5 26. Qxd5+ Qxd5 27. Nxf6+ Kf7 28. Nxd5 Nxc3 29. Nxc3 exf4 30. Rxe8 Kxe8 31. Re1+ Kf7 32. Nd5 Ra7 33. Nxf4 Rb7 34. Nd3 Bf5 35. Ne5+ Kg7 36. Nc6 Rb6 37. Rc1 Be4 38. Nd4 Rxb4 39. Ne6+ Kf6 40. Nc5 Bc6 41. Nxa6 Rb6 42. Nc5 Bb5 43.
Rb1 Ke7 44. Ne4 Rb7 45. Nc3 Bc6 46. Re1+ Kf6 47. h3 Kg7 48. Kh2 Rd7 49. Re2 Rd3 50. Nb1 Rd4 51. Nd2 Bb5 52. Nf3 Bxe2 53. Nxd4 Bc4 54. Kg3 Bd5 55. f3 Kf6 56. h4 g5 57.
h5 h6 58. f4 gxf4+ 59. Kxf4 Bxg2 60. Ne2 Bd5 61. Ng3 Bf7 62. Ne4+ Ke7 63. Kg4 Bxh5+ 64.
Kxh5 Ke6 65. Kxh6 1/2-1/2

[Event "Early-Titled-Tuesday-Blitz-April-02-2024"]
[Site "Chess.com"]
[Date "2024.04.02"]
[Round "4"]
[White "Harry_Rakkel"]
[Black "OriTaichman"]
[Result "1-0"]
[WhiteElo "2729"]
[BlackElo "2563"]
[TimeControl "180+1"]
[EndTime "8:40:09 PDT"]
[Termination "Harry_Rakkel won by resignation"]

1. c4 Nf6 2. Nc3 g6 3. e4 Bg7 4. d4 O-O 5. Nge2 d6 6. f3 Nc6 7. d5 Ne5 8. Ng3 h5 9. f4 Neg4 10. Bd3 h4 11. Nf1 e6 12. h3 Nh6 13.
Be3 exd5 14. cxd5 Re8 15. Qd2 b5 16. a3 Kh8 17. Qf2 Nh5 18. Bd4 Rb8 19. Bxa7 b4 20. Nd1 Rb7 21. Bd4 bxa3 22. Rxa3 f5 23. Bxg7+ Kxg7 24.
Nfe3 Ng3 25. Rg1 fxe4 26. Bc2 Nhf5 27. Nxf5+ Bxf5 28. Qd4+ Qf6 29. Qxf6+ Kxf6 30. Kd2 Reb8 31. Re1 Rb5 32. Kc1 Rxd5 33. Ne3 Rc5 34. Kb1 Rcb5 35. b3 c5 36. Kc1 Be6 37. Ra6 d5 38. Nxd5+ Kf7 39.
Nc7 Bxb3 40. Nxb5 Rxb5 41. Re3 Bxc2 42. Kxc2 Rb4 43. Rea3 Rc4+ 44. Kd2 Rd4+ 45. Ke1 c4 46. Rc6 Rd3 47. Ra7+ Ke8 48. Rxg6 Kf8 49. Rh6 Kg8 50. Rc6 Rd8 51. Rxc4 e3 52. Rac7 e2 53. Rc8 Rxc8 54. Rxc8+ Kf7 55. Rc2 Kf6 56. Rxe2 Kf5 57. Rf2 Ke4 58.
Rf3 Nf5 59. Kf2 Nd4 60. Ra3 Kxf4 61. Ra4 Ke5 62. Rxd4 Kxd4 63. Kf3 Ke5 64. Kg4 Kf6 65. Kxh4 Kf5 66. Kh5 Kf4 67. g4 Ke5 68. g5 Ke6 69. Kh6 Kf7 70. Kh7 1-0

[Event "Early-Titled-Tuesday-Blitz-April-02-2024"]
[Site "Chess.com"]
[Date "2024.04.02"]
[Round "4"]
[White "XDPS"]
[Black "KNVB"]
[Result "1-0"]
[WhiteElo "2928"]
[BlackElo "2806"]
[TimeControl "180+1"]
[EndTime "8:40:12 PDT"]
[Termination "XDPS won by checkmate"]

1. d4 e5 2. dxe5 Nc6 3. Nf3 Qe7 4. Qd5 f6 5. exf6 Nxf6 6. Qb3 d5 7. Bg5 h6 8. Bh4 g5 9. Bg3 Ne4 10. Nc3 Nc5 11. Qa3 Nb4 12. O-O-O c6 13. Nd4 a5 14. e4 Nxe4 15. Nxe4 dxe4 16. Kb1 Bg7 17. Qe3 O-O 18. Bc4+ Kh8 19. h4 g4 20. Rhe1 Qf6 21. c3 Nd5 22.
Qxe4 Bd7 23. Bxd5 cxd5 24. Qxd5 Rad8 25. Ka1 Qg6 26. h5 Qf7 27. Qxf7 Rxf7 28. Ne6 Re8 29. Nxg7 Rxe1 30. Rxe1 Kxg7 31. b3 Bc6 32. Re6 Bxg2 33. Rg6+ Kh7 34. Rxg4 Bf3 35. Rd4 Bxh5 36. Rd5 Bg6 37. Rxa5 h5 38. Ra4 Bf5 39. Rd4 Kg6 40. Kb2 Kg5 41. Bh4+ Kg6 42. a4 Bd7 43. Bg3 Bc6 44.
a5 Rf5 45. b4 Rd5 46. Rxd5 Bxd5 47. Kc2 Bc4 48. Kd2 Kf5 49. Ke3 Bf1 50. Kd4 Kg4 51.
c4 h4 52. Bd6 Kf5 53. b5 Ke6 54. Bh2 Kd7 55. f4 Bh3 56. Kc5 Kc8 57. Kb6 Bf5 58. c5 h3 59. a6 bxa6 60. Kxa6 Bd3 61. Kb6 Kb8 62. c6 Kc8 63. Kc5 Bf5 64. b6 Kb8 65. Kd6 Kc8 66. Ke5 Bg4 67. f5 Bf3 68. Kd6 Be4 69.
f6 Bg6 70. b7+ Kb8 71. Kc5+ Ka7 72. b8=Q+ Ka6 73. Qb6# 1-0

[Event "Early-Titled-Tuesday-Blitz-April-02-2024"]
[Site "Chess.com"]
[Date "2024.04.02"]
[Round "4"]
[White "Alexei_Gubajdullin"]
[Black "Laico"]
[Result "0-1"]
[WhiteElo "2626"]
[BlackElo "2420"]
[TimeControl "180+1"]
[EndTime "8:40:12 PDT"]
[Termination "Laico won by resignation"]

1. Nf3 e6 2. g3 b6 3. Bg2 Bb7 4. O-O f5 5. c4 Nf6 6. Nc3 Bb4 7. Qc2 O-O 8. a3 Bxc3 9. Qxc3 Qe8 10. b4 d6 11. Bb2 Nbd7 12. d3 Qh5 13. h3 e5 14. Rae1 f4 15. g4 Nxg4 16. hxg4 Qxg4 17. Nh4 Rf6 18. d4 f3 19. exf3 Qxh4 20. d5 Rg6 21. Re4 Qh3 22. Rg4 Rxg4 23. fxg4 Qxg4 24.
Qh3 Qxh3 25. Bxh3 Nf6 26. Be6+ Kh8 27. f4 exf4 28. Rxf4 Rf8 29. c5 bxc5 30. bxc5 Bc8 31. c6 Bxe6 32. dxe6 Kg8 33. Rb4 Re8 34. Rb7 Nd5 35.
Rxa7 Rxe6 36. a4 Re2 37. Bd4 Rc2 38. Ra5 Nf4 39. Kf1 Rxc6 40. Rf5 Ne6 41. Bc3 Ra6 42. a5 Nc5 43. Rg5 g6 44. Rg4 Kf7 45. Rf4+ Ke6 46.
Rf6+ Kd5 47. Rf7 Nb3 48. Rxc7 Rc6 49. Rxc6 Kxc6 50. Bb4 d5 51. Ke2 Kb5 52. Be1 Nxa5 53. Kf3 Kc4 54. Kf4 d4 55. Bxa5 Kd3 56. Kg5 Ke2 57. Kh6 d3 58. Kxh7 g5 59. Kg6 g4 60. Kf5 g3 61. Ke4 g2 62. Bb6 d2 63.
Be3 d1=Q 64. Bd4 Qd3+ 65. Ke5 Qxd4+ 66. Kxd4 g1=Q+ 67. Ke5 Qg4 68. Kd5 Kd3 69. Ke5 Qg5+ 0-1

[Event "Early-Titled-Tuesday-Blitz-April-02-2024"]
[Site "Chess.com"]
[Date "2024.04.02"]
[Round "4"]
[White "DvaHrasta"]
[Black "IsmaelAmadorGarcia"]
[Result "1-0"]
[WhiteElo "2517"]
[BlackElo "2288"]
[TimeControl "180+1"]
[EndTime "8:40:15 PDT"]
[Termination "DvaHrasta won by resignation"]

1. c4 e5 2. g3 c6 3. Nf3 e4 4.
Nd4 d5 5. cxd5 Qxd5 6. e3 Nf6 7. Nc3 Qe5 8. Bg2 Bc5 9. Nb3 Bb4 10. O-O O-O 11.
d4 exd3 12. Qxd3 Nbd7 13. Qd4 Qxd4 14. exd4 Nb6 15. Bg5 Nfd5 16. Nxd5 Nxd5 17. a3 Bd6 18. Nc5 h6 19. Bd2 Ne7 20. Rac1 Rd8 21. Rfe1 Rb8 22.
Bb4 Nd5 23. Bxd5 cxd5 24. Nd3 Bxb4 25. axb4 Bf5 26. Nf4 Be4 27. Rc7 Rdc8 28. Rec1 Rxc7 29. Rxc7 Bf3 30. Kf1 Re8 31. Rxb7 g5 32. Ng2 Be2+ 33.
Kg1 Rc8 34. h4 Rc1+ 35. Kh2 a6 36. hxg5 hxg5 37. Re7 Bf3 38. g4 Bxg4 39. Re5 Bf3 40. Rxg5+ Kf8 41. Kg3 Be4 42. f3 f6 43. Rh5 Bg6 44. Rxd5 Rc2 45. Rd6 Ke7 46. Rxa6 Rxb2 47. Ra7+ Kd6 48. Ra6+ Ke7 49. Nf4 Bf5 50. Nd5+ Kd7 51.
Nxf6+ Kd8 52. Kf4 Bb1 53. Rb6 Rd2 54. Ke5 Rh2 55. f4 Kc7 56. Nd5+ Kd7 57. Rd6+ Ke8 58. Nf6+ Kf7 59. Rd7+ Kg6 60. Nd5 Re2+ 61. Kd6 Rc2 62. b5 Ba2 63. b6 Rb2 64. Kc5 Rc2+ 65. Kb4 Rb2+ 66. Ka3 Rb3+ 67. Kxa2 Rb5 68. Rd6+ Kf5 69. Ka3 Ra5+ 70. Kb4 Rxd5 71. Rxd5+ 1-0

[Event "Early-Titled-Tuesday-Blitz-April-02-2024"]
[Site "Chess.com"]
[Date "2024.04.02"]
[Round "4"]
[White "Schattman"]
[Black "joselito22"]
[Result "1-0"]
[WhiteElo "2509"]
[BlackElo "2202"]
[TimeControl "180+1"]
[EndTime "8:40:15 PDT"]
[Termination "Schattman won by resignation"]

1. b3 Nf6 2. Bb2 g6 3. Nf3 Bg7 4. g3 d6 5. d4 O-O 6. Bg2 Nbd7 7. O-O Re8 8. c4 e5 9. dxe5 Ng4 10. Nc3 Ngxe5 11.
Nxe5 dxe5 12. Qc2 c6 13. Rad1 Qc7 14. Ne4 Nf6 15. Nd6 Re7 16. h3 Ne8 17. c5 Be6 18.
Rd2 Rd7 19. Rfd1 Rad8 20. Nxe8 Rxe8 21. Rxd7 Bxd7 22. Qd2 Be6 23. f4 exf4 24. Bxg7 Kxg7 25. Qxf4 Qxf4 26. gxf4 Re7 27. Kf2 Rd7 28. Rxd7 Bxd7 29. b4 f6 30. a3 Kf7 31. Ke3 Ke6 32. h4 f5 33. Kd4 Be8 34. e4 fxe4 35. Bxe4 Bd7 36. a4 a6 37. Bd3 Be8 38. b5 axb5 39.
axb5 cxb5 40. Be4 Bc6 41. Bc2 Kf6 42. Bd3 Ke6 43. Bc2 Kf6 44. Bd3 h6 45. Bc2 g5 46.
fxg5+ hxg5 47. hxg5+ Kxg5 48. Kc3 Kf4 49. Kb4 Ke5 50. Bh7 Kd4 51. Bg8 Bd7 52. Bh7 Bc6 53.
Bg6 Bd7 54. Bh5 Bc6 55. Bg4 Be8 56. Bf3 Bc6 57. Be2 Bd7 58. Bxb5 Bc8 59. Be8 Kd5 60. Kb5 Ke6 61. Kb6 Ke7 62. Bh5 Kd8 63. Bf3 Kd7 64. Bxb7 Kd8 65. Bxc8 Kxc8 66. Kc6 Kb8 67. Kd7 Kb7 68.
c6+ 1-0

[Event "Early-Titled-Tuesday-Blitz-April-02-2024"]
[Site "Chess.com"]
[Date "2024.04.02"]
[Round "4"]
[White "Tol_Tol"]
[Black "abelmat"]
[Result "0-1"]
[WhiteElo "2303"]
[BlackElo "2130"]
[TimeControl "180+1"]
[EndTime "8:40:16 PDT"]
[Termination "abelmat won on time"]

1. d4 d5 2. c4 e6 3. Nc3 Nf6 4. Bg5 Be7 5. e3 Nbd7 6. Nf3 h6 7.
Bh4 O-O 8. cxd5 exd5 9. Bd3 c6 10. Qc2 Re8 11. O-O Ne4 12. Bg3 Nxg3 13. hxg3 Nf6 14. Ne5 Bd6 15. f4 Ng4 16. Qe2 Nf6 17. Qc2 Ng4 18.
Rae1 Nf6 19. e4 dxe4 20. Nxe4 Nxe4 21. Bxe4 Be6 22. f5 Bd5 23. Bxd5 cxd5 24. f6 Bxe5 25. dxe5 Re6 26. Qf5 g6 27. Qf4 g5 28. Qf5 Qb6+ 29.
Kh2 Rae8 30. Re2 Qc7 31. Rfe1 Qc4 32. b3 Qc3 33. Re3 Qc7 34. R1e2 d4 35. Rd3 Rxe5 36. Rxe5 Qxe5 37. Qxe5 Rxe5 38. Rxd4 Re6 39. Rd7 Rxf6 40. Rxb7 Ra6 41. a4 Kg7 42. Kh3 Kg6 43. g4 Kg7 44. Kg3 Ra5 45. Kf3 Ra6 46. Ke4 Re6+ 47. Kd5 Ra6 48. Kc5 Kg6 49. Kb5 Re6 50. Rxa7 Re2 51. Rc7 Rxg2 52. Rc4 h5 53. gxh5+ Kxh5 54. a5 g4 55. a6 Ra2 0-1

[Event "Early-Titled-Tuesday-Blitz-April-02-2024"]
[Site "Chess.com"]
[Date "2024.04.02"]
[Round "4"]
[White "JiaHaoxiang"]
[Black "Oleksandr_Bortnyk"]
[Result "1-0"]
[WhiteElo "2595"]
[BlackElo "3026"]
[TimeControl "180+1"]
[EndTime "8:40:17 PDT"]
[Termination "JiaHaoxiang won by resignation"]

1. e4 Nf6 2. Nc3 d5 3. exd5 Nxd5 4. Bc4 Nb6 5. Bb3 c5 6. d3 Nc6 7. Nge2 Bf5 8. O-O e6 9. Be3 Be7 10. Ng3 Bg6 11. f4 Nd4 12. Kh1 h5 13. Bxd4 cxd4 14.
Nce4 h4 15. f5 hxg3 16. fxg6 Rxh2+ 17. Kg1 f5 18. Nxg3 Bd6 19. Nxf5 exf5 20. Rxf5 Qh4 21. Qe1+ Qxe1+ 22. Rxe1+ Kd7 23. Rf7+ Kc6 24. Re6 Rah8 25. Rxg7 a5 26. a4 Rh1+ 27. Kf2 Nd7 28. Rf7 Ne5 29.
Rf4 Kc7 30. g7 Nxd3+ 31. cxd3 Bxf4 32. Re7+ Kd6 33. gxh8=Q Rxh8 34. Rxb7 Be3+ 35. Ke2 Rh1 36. Rb5 Rg1 37. Kf3 Rf1+ 38. Kg4 Rf4+ 39. Kh3 Rf8 40. Rxa5 Rf2 41. Rd5+ Kc6 42. Bc4 Rxb2 43. a5 Rb1 44. a6 Rh1+ 45. Kg4 Ra1 46. Re5 Kd6 47. Re6+ Kd7 48.
Kf3 Ra4 49. Rg6 Kc7 50. Ke4 Ra5 51. Rg7+ Kb6 52. Rb7+ Kc6 53. g4 Kd6 54. a7 Kc6 55.
Re7 Kb6 56. Bd5 Rxa7 57. Rxa7 Kxa7 58. Kf5 Kb6 59. g5 Kc5 60. g6 Bh6 61. Ke6 Bg7 62.
Bc4 Bh8 63. Kf7 Kd6 64. g7 Bxg7 65. Kxg7 Ke5 66. Kg6 Kf4 67. Kf6 Ke3 68. Ke5 1-0

[Event "Early-Titled-Tuesday-Blitz-April-02-2024"]
[Site "Chess.com"]
[Date "2024.04.02"]
[Round "4"]
[White "BestestBP"]
[Black "Mazarini41"]
[Result "0-1"]
[WhiteElo "2204"]
[BlackElo "2475"]
[TimeControl "180+1"]
[EndTime "8:40:17 PDT"]
[Termination "Mazarini41 won by checkmate"]

1. c4 Nf6 2. d4 c5 3. d5 b5 4. cxb5 a6 5. bxa6 Bxa6 6. Nc3 d6 7. e4 Bxf1 8. Kxf1 g6 9. g3 Bg7 10. Kg2 O-O 11. Nge2 Ng4 12. h3 Ne5 13. f4 Nc4 14. b3 Na3 15. Bb2 Nd7 16. Qd3 Qa5 17. Na4 Bxb2 18. Nxb2 Rfb8 19. Rhc1 Rb4 20. Nc3 Rd4 21. Qe3 Nb5 22. Nxb5 Qxb5 23. Nc4 Nf6 24. Nd2 Qb4 25. Rc2 Nxe4 26. Nxe4 Rxe4 27. Qf3 Qd4 28. Rd1 Qe3 29. Qxe3 Rxe3 30. Kf2 Re4 31. Kf3 Rb4 32. Re1 Kf8 33.
Rd1 Rb6 34. Rd3 Rba6 35. a4 Rb6 36. Ke3 Rb4 37. Rcc3 Rab8 38. g4 f6 39. Kd2 Kf7 40.
Kc2 Re4 41. Rf3 Re2+ 42. Kd3 Re1 43. Kd2 Rh1 44. a5 Ra8 45. g5 Rxa5 46. gxf6 exf6 47. Rce3 Rh2+ 48. Kc3 Raa2 49. Re6 Rhc2+ 50. Kd3 Rd2+ 51. Kc4 Rac2+ 52. Kb5 Rb2 53. Kc6 Rxb3 54. Rxd6 Rxf3 55. Rd7+ Kg8 56. Rd8+ Kg7 57. d6 Rfd3 58. d7 Kh6 59.
Kc7 c4 60. f5 gxf5 61. Kc8 c3 62. h4 c2 63. Rf8 Rxd7 64. Rxf6+ Kg7 65. Rc6 Rd8+ 66.
Kc7 R2d7+ 67. Kb6 Rb8+ 68. Ka6 Rd2 69. Ka7 Rb1 70. h5 c1=Q 71. h6+ Kf7 72. Rxc1 Rxc1 73. Kb6 Rb2+ 74. Ka5 Ra1# 0-1

[Event "Early-Titled-Tuesday-Blitz-April-02-2024"]
[Site "Chess.com"]
[Date "2024.04.02"]
[Round "4"]
[White "AjedrezenMadrid"]
[Black "IMRosen"]
[Result "1-0"]
[WhiteElo "2567"]
[BlackElo "2684"]
[TimeControl "180+1"]
[EndTime "8:40:19 PDT"]
[Termination "AjedrezenMadrid won by checkmate"]

1. Nf3 d5 2. b3 Nf6 3. Bb2 Bg4 4. e3 Nbd7 5. h3 Bh5 6. d3 c6 7. g4 Bg6 8. Nh4 e5 9. Nd2 Bd6 10. Qe2 a5 11. a3 Qe7 12. Bg2 Nc5 13. Nxg6 hxg6 14. h4 Qd7 15. Bh3 Rxh4 16. O-O-O Qe7 17. g5 Nfd7 18. Bxd7+ Nxd7 19. Rxh4 Bxa3 20. Rg1 a4 21.
Rxa4 Rxa4 22. bxa4 Qb4 23. Nb3 Bxb2+ 24. Kxb2 Nc5 25. Ra1 Nxa4+ 26. Rxa4 Qxa4 27. d4 e4 28. Qd2 b6 29. Qc3 Kd7 30. Qe1 Qb5 31. Qa1 c5 32. dxc5 bxc5 33. Qa7+ Kd6 34. Ka2 Qc4 35. Qxf7 Qxc2+ 36. Ka3 Qc3 37. Qf8+ Kc6 38. Qc8+ Kd6 39. Qb8+ Kc6 40.
Ka4 Qc4+ 41. Ka5 Qc3+ 42. Ka6 Qc4+ 43. Ka5 Qc3+ 44. Ka4 Qc4+ 45. Ka3 Qc3 46. Qa8+ Kd6 47. Qa6+ Ke5 48. Qa5 Qc4 49. Qxc5 Qa6+ 50. Kb2 Qe2+ 51. Qc2 Qb5 52. Qc3+ Kf5 53. Qd4 Qe2+ 54. Nd2 Qb5+ 55. Kc3 Kxg5 56. f4+ exf3 57. Nxf3+ Kf5 58. Qf4+ Ke6 59.
Nd4+ Ke7 60. Nxb5 g5 61. Qd6+ Kf7 62. Nc7 g4 63. Qe6+ Kf8 64. Qxg4 Kg8 65. Qg6 Kh8 66. Ne6 d4+ 67. Kc4 d3 68. Kd5 d2 69. Qxg7# 1-0

[Event "Early-Titled-Tuesday-Blitz-April-02-2024"]
[Site "Chess.com"]
[Date "2024.04.02"]
[Round "4"]
[White "Nf3c5"]
[Black "Alexchess1984"]
[Result "1-0"]
[WhiteElo "2596"]
[BlackElo "2756"]
[TimeControl "180+1"]
[EndTime "8:40:20 PDT"]
[Termination "Nf3c5 won by resignation"]

1. d4 Nf6 2. Nf3 g6 3. Bg5 Bg7 4. Nbd2 d6 5. e4 O-O 6. c3 b6 7. Bc4 Bb7 8. Qe2 h6 9. Bh4 Nc6 10. O-O e5 11. dxe5 Nxe5 12. Nxe5 dxe5 13. Rad1 Qe7 14. Ba6 Bc6 15. Bb5 Qc5 16. Bxc6 Qxc6 17. Bxf6 Bxf6 18. Nc4 Qe6 19. b3 Rfd8 20. Ne3 Bg5 21. Nd5 Rd7 22. Qa6 Rad8 23. Rde1 c6 24. Ne3 h5 25. h3 Kg7 26. Re2 Qe7 27. Rfe1 Rd2 28. Nf1 Rxe2 29. Qxe2 Qa3 30. g3 Bh6 31.
h4 Qc5 32. Qf3 a5 33. Kg2 Kg8 34. c4 Rd4 35. Rd1 Qd6 36. Rxd4 exd4 37. Qd3 Bg7 38. f4 Qa3 39. Qc2 c5 40. Nd2 d3 41. Qxd3 Qxa2 42. Kf3 Bd4 43. e5 Qa1 44. Ke4 Qh1+ 45. Nf3 Qh3 46. Nxd4 cxd4 47. Kxd4 Qd7+ 48. Kc3 Qg4 49.
Qe3 Qd1 50. e6 Qa1+ 51. Kc2 Qa2+ 52. Kc3 Qa1+ 53. Kd3 Qd1+ 54. Ke4 f5+ 55. Ke5 Qd8 56. Qd4 Qc7+ 57. Qd6 Qg7+ 58. Kd5 Qc3 59. Qd8+ Kh7 60. Qd7+ Kh6 61. e7 Qd3+ 62. Kc6 Qe4+ 63. Kc7 a4 64. e8=Q Qxe8 65. Qxe8 Kg7 66. Qe7+ Kh6 67. bxa4 b5 68.
axb5 g5 69. Qf6+ Kh7 70. hxg5 1-0

[Event "Early-Titled-Tuesday-Blitz-April-02-2024"]
[Site "Chess.com"]
[Date "2024.04.02"]
[Round "4"]
[White "Statham_01"]
[Black "GrotBchess"]
[Result "1/2-1/2"]
[WhiteElo "2621"]
[BlackElo "2456"]
[TimeControl "180+1"]
[EndTime "8:40:20 PDT"]
[Termination "Game drawn - insufficient material"]

1. e4 c5 2. a3 e6 3. b4 b6 4.
bxc5 bxc5 5. Nc3 Nc6 6. Nf3 Qc7 7. Bc4 Nf6 8. Qe2 d6 9. Nb5 Qb8 10. d3 a6 11. Nc3 Be7 12. O-O O-O 13. Bf4 Nh5 14.
Be3 Nf6 15. h3 Rd8 16. Bf4 Nd7 17. Rab1 Qc7 18. Bg5 Bxg5 19. Nxg5 Nd4 20. Qd1 Ne5 21. f4 Nxc4 22. dxc4 h6 23. Nf3 Nxf3+ 24. Qxf3 Bb7 25. f5 exf5 26. Qxf5 Re8 27. Nd5 Bxd5 28. Qxd5 Rab8 29.
Rbd1 Rbd8 30. Rf5 Re7 31. e5 Red7 32. Rdf1 dxe5 33. Rxf7 Rxf7 34. Rxf7 Rxd5 35. Rxc7 Rd2 36. Rxc5 Rxc2 37. Kh2 e4 38. Kg3 Rc3+ 39. Kf4 e3 40.
Kf3 Rxa3 41. Rc7 Rc3 42. g4 a5 43. h4 Kh7 44. h5 a4 45. Ke2 a3 46. c5 a2 47. Ra7 Rxc5 48. Rxa2 Rc4 49. Kf3 Rc3 50. Re2 Rb3 51. Kf4 Rb4+ 52. Kg3 Rb3 53. Kf3 Rc3 54. Rxe3 Rxe3+ 55. Kxe3 g6 56. Kf4 gxh5 57. gxh5 Kg7 58. Ke5 Kg8 59. Kf5 Kh8 60. Kf6 Kg8 61. Kg6 Kh8 62.
Kf7 Kh7 63. Ke7 Kh8 64. Ke6 Kg8 65. Kf5 Kh8 66. Kf6 Kg8 67. Kg6 Kh8 68. Kxh6 Kg8 69. Kg6 Kh8 70. Kf7 Kh7 71. h6 Kxh6 1/2-1/2